Ice Caps vs Moose

Created - Monday, January 04, 2016 at 03:47

Goals
1 2 3 OT1 SO T
Ice Caps 1 0 0 0 0 1
Moose 1 0 0 0 1 2
Shots
1 2 3 OT1 SO T
Ice Caps 9 5 8 1 3 23
Moose 8 4 9 3 3 24

1st period

1. Moose , Ben Chiarot 15 (Cedric Paquette) at 4:13 (PP)
2. Ice Caps , Ryan Carter 10 (Shawn Thornton, Alex Biega) at 16:48 (PP)

Penalties :
Ryan Malone (MAN) for Fighting (Major) at 0:07, Shawn Thornton (STJ) for Fighting (Major) at 0:07, Ryan Carter (STJ) for Hooking (Minor) at 2:23, Scott Mayfield (MAN) for Hooking (Minor) at 7:33, Phil Lane (STJ) for Holding (Minor) at 11:50, Scott Mayfield (MAN) for Roughing (Minor) at 14:56

2nd period

No Goal

Penalties :
Ben Chiarot (MAN) for Interference (Minor) at 1:05, Troy Bodie (STJ) for High sticking (Minor) at 6:18, Garret Ross (MAN) for Hooking (Minor) at 6:35

3rd period

No Goal

Penalties :
Alex Grant (STJ) for Holding (Minor) at 0:11, Andrew Bodnarchuk (STJ) for Hooking (Minor) at 13:02, Andrew Bodnarchuk (STJ) for Slashing (Double Minor) at 17:55

Overtime #1

No Goal

Penalties :
No Penalty

Shootout

Penalty Shot by Ryan Carter for Ice Caps - Stopped by Sam Brittain
Penalty Shot by Rob Flick for Moose - Shot Misses the Net
Penalty Shot by Patrick Dwyer for Ice Caps - Stopped by Sam Brittain
Penalty Shot by Josh Jooris for Moose - Stopped by Jussi Rynnas
Penalty Shot by Trevor Smith for Ice Caps - Stopped by Sam Brittain
Penalty Shot by Cedric Paquette for Moose - Goal!

Penalties :
No Penalty

Goalie Stats

Jussi Rynnas (STJ), 23 saves from 24 shots - (0.958), OTL, 8-5-7, 65:00 minutes
Sam Brittain (MAN), 22 saves from 23 shots - (0.957), W, 9-5-7, 65:00 minutes

Players Stats for Ice Caps

Player Name              G  A  P  +/- PIM S  H  SB GA TA FO     MP     PP MP  PK MP  
------------------------------------------------------------------------------------
Alex Biega               0  1  1   0  0   0  2  3  1  2  0/0    27:01   2:34   7:25 
Alex Grant               0  0  0   0  2   1  1  3  0  0  0/0    25:32   2:34   5:39 
Andrew Bodnarchuk        0  0  0   0  6   1  0  1  0  1  0/0    21:37   3:33   1:58 
Barry Goers              0  0  0   0  0   0  0  0  0  1  0/0    18:28   0:00   4:26 
Brandon Yip              0  0  0   0  0   0  1  0  1  0  0/0    15:36   2:49   0:00 
Chris Conner             0  0  0   0  0   5  1  0  2  0  0/0    15:36   2:49   0:00 
Derek Grant              0  0  0   0  0   2  1  0  1  2  6/7    15:17   0:17   1:40 
Kyle MacKinnon           0  0  0   0  0   1  1  0  0  0  0/0     7:41   0:52   0:00 
Nathan Oystrick          0  0  0   0  0   0  0  2  0  1  0/0    13:47   0:00   0:00 
Nick D'Agostino          0  0  0   0  0   1  4  1  0  0  0/0    24:12   3:33   4:38 
Patrick Dwyer            0  0  0   0  0   3  0  1  2  0  0/0    21:08   2:43   7:16 
Paul Carey               0  0  0   0  0   4  0  0  2  0  1/4    16:22   0:00   3:15 
Phil Lane                0  0  0   0  2   0  0  1  0  0  0/0     8:36   0:00   0:00 
Ryan Carter              1  0  1   0  2   1  4  3  2  1  5/14   22:16   2:44   5:16 
Shawn Thornton           0  1  1   0  5   1  2  0  1  0  0/1    13:01   3:01   2:09 
Tim Kennedy              0  0  0   0  0   2  1  0  0  0  2/4     8:18   0:00   0:00 
Trevor Smith             0  0  0   0  0   1  2  1  8  1  6/10   19:10   2:49   2:35 
Troy Bodie               0  0  0   0  2   0  1  1  0  1  0/1    12:30   0:17   0:00 

Players Stats for Moose

Player Name              G  A  P  +/- PIM S  H  SB GA TA FO     MP     PP MP  PK MP  
------------------------------------------------------------------------------------
Ben Chiarot              1  0  1   0  2   2  2  2  0  2  0/0    25:13   4:59   1:59 
Brady Austin             0  0  0   0  0   0  0  0  0  0  0/0     0:00   0:00   0:00 
Brandon Davidson         0  0  0   0  0   2  3  3  3  3  0/0    26:19   5:09   3:50 
Cedric Paquette          0  1  1   0  0   3  2  0  0  2  0/0    20:48   5:07   4:30 
Colin Smith              0  0  0   0  0   0  0  0  0  1  0/0    13:45   0:00   0:00 
Daniil Tarasov           0  0  0   0  0   1  0  1  2  0  0/2    17:58   5:01   0:00 
Garret Ross              0  0  0   0  2   5  0  0  3  0  1/2    18:16   5:00   0:00 
Greg McKegg              0  0  0   0  0   3  2  0  0  1  4/9    18:14   5:01   0:00 
Joel Armia               0  0  0   0  0   2  2  0  3  0  0/0    15:54   0:00   1:37 
Joel Edmundson           0  0  0   0  0   0  0  0  0  1  0/0    11:52   0:00   0:00 
Joel Vermin              0  0  0   0  0   0  0  0  0  0  4/9     8:43   0:33   0:38 
Josh Jooris              0  0  0   0  0   4  0  0  3  0  11/17  23:32   4:34   3:38 
Josh Manson              0  0  0   0  0   0  2  0  1  1  0/0    22:23   5:09   2:55 
Klas Dahlbeck            0  0  0   0  0   1  2  0  1  0  0/0    28:36   4:17   2:55 
Michael Schumacher       0  0  0   0  0   0  2  0  0  1  0/0    13:29   0:00   0:00 
Rob Flick                0  0  0   0  0   0  0  0  0  1  1/2    13:27   0:33   0:14 
Ryan Malone              0  0  0   0  5   1  3  0  2  0  0/0    17:08   4:34   1:37 
Scott Mayfield           0  0  0   0  4   0  2  0  0  0  0/0    16:29   0:42   0:35 

3 Stars

1 - Jussi Rynnas (STJ)
2 - Sam Brittain (MAN)
3 - Ryan Carter (STJ)

Power Play

Ice Caps - 1 on 4 Attempt(s) - 25.00%
Moose - 1 on 7 Attempt(s) - 14.29%

Penalty Kill

Ice Caps - 6 on 7 Attempt(s) - 85.71% - Score 0 goal in Penalty Kill
Moose - 3 on 4 Attempt(s) - 75.00% - Score 0 goal in Penalty Kill

Team Stat

Ice Caps - Hits : 21 - Faceoff Wins : 20 - Blocked Shots : 17 - Penalty Minutes : 19
Moose - Hits : 22 - Faceoff Wins : 21 - Blocked Shots : 6 - Penalty Minutes : 13

Official

Referees : Unknown
Linesman : Unknown

Game Notes

Ryan Malone beats up Shawn Thornton at 0:07 of 1st period

Finance

Level 1 -- Attendance: 1436 (71.80%) -- Ticket Income $43,080
Level 2 -- Attendance: 678 (67.80%) -- Ticket Income $8,814
Total Attendance: 2114 (70.47%)
Total Ticket Income: $51,894
Other Income: $25,428
Total Income: $77,322

Ice Caps

5 vs 5 Forward 
   Center                   Left Wing                Right Wing               Time % Phy DF OF 
 1 Ryan Carter              Patrick Dwyer            Shawn Thornton           35     1   2  2  
 2 Trevor Smith             Chris Conner             Brandon Yip              30     1   2  2  
 3 Derek Grant              Paul Carey               Troy Bodie               22     1   2  2  
 4 Tim Kennedy              Ryan Carter              Phil Lane                13     1   2  2  

5 vs 5 Defense 
   Defense                  Defense                                           Time % Phy DF OF 
 1 Alex Grant               Alex Biega                                        35     1   2  2  
 2 Andrew Bodnarchuk        Nick D'Agostino                                   30     1   2  2  
 3 Nathan Oystrick          Barry Goers                                       22     1   2  2  
 4 Alex Grant               Alex Biega                                        13     1   2  2  

PowerPlay Forward 
   Center                   Left Wing                Right Wing               Time % Phy DF OF 
 1 Ryan Carter              Patrick Dwyer            Shawn Thornton           60     1   2  2  
 2 Trevor Smith             Chris Conner             Brandon Yip              40     1   2  2  

PowerPlay Defense
   Defense                  Defense                                           Time % Phy DF OF 
 1 Alex Grant               Alex Biega                                        60     1   2  2  
 2 Andrew Bodnarchuk        Nick D'Agostino                                   40     1   2  2  

Penalty Kill 4 Players Forward 
   Center                   Wing                     Time % Phy DF OF 
 1 Ryan Carter              Patrick Dwyer            60     1   2  2  
 2 Trevor Smith             Shawn Thornton           40     1   2  2  

Penalty Kill 4 Players Defense
   Defense                  Defense                  Time % Phy DF OF 
 1 Alex Grant               Alex Biega               60     1   2  2  
 2 Andrew Bodnarchuk        Nick D'Agostino          40     1   2  2  

Penalty Kill - 3 Players Forward 
   Forward                                           Time % Phy DF OF 
 1 Ryan Carter                                       60     1   2  2  
 2 Patrick Dwyer                                     40     1   2  2  

Penalty Kill - 3 Players Defense
   Defense                  Defense                  Time % Phy DF OF 
 1 Alex Grant               Alex Biega               60     1   2  2  
 2 Andrew Bodnarchuk        Nick D'Agostino          40     1   2  2  

4 vs 4 Forward 
   Center                   Wing                     Time % Phy DF OF 
 1 Ryan Carter              Patrick Dwyer            60     1   2  2  
 2 Trevor Smith             Shawn Thornton           40     1   2  2  

4 vs 4 Defense
   Defense                  Defense                  Time % Phy DF OF 
 1 Alex Grant               Alex Biega               60     1   2  2  
 2 Andrew Bodnarchuk        Nick D'Agostino          40     1   2  2  

Last Minutes Offensive
   Center                   Left Wing                Right Wing               Defense                  Defense                  
   Ryan Carter              Patrick Dwyer            Shawn Thornton           Alex Grant               Alex Biega               

Last Minutes Defensive
   Center                   Left Wing                Right Wing               Defense                  Defense                  
   Ryan Carter              Patrick Dwyer            Shawn Thornton           Alex Grant               Alex Biega               

Goaltenders
Starting : Jussi Rynnas             
Backup : Jeff Zatkoff             

Extra Forwards
Normal : Kyle MacKinnon, Derek Grant, Paul Carey - PP : Kyle MacKinnon, Derek Grant - PK : Paul Carey
Extra Defensemen
Normal : Nathan Oystrick, Barry Goers, Andrew Bodnarchuk - PP : Nathan Oystrick - PK : Barry Goers, Andrew Bodnarchuk
Penalty Shots
Ryan Carter, Patrick Dwyer, Trevor Smith, Shawn Thornton, Chris Conner

Moose

5 vs 5 Forward 
   Center                   Left Wing                Right Wing               Time % Phy DF OF 
 1 Josh Jooris              Cedric Paquette          Ryan Malone              35     1   2  2  
 2 Greg McKegg              Garret Ross              Colin Smith              30     1   2  2  
 3 Daniil Tarasov           Joel Armia               Michael Schumacher       22     1   2  2  
 4 Joel Vermin              Rob Flick                Josh Jooris              13     1   2  2  

5 vs 5 Defense 
   Defense                  Defense                                           Time % Phy DF OF 
 1 Klas Dahlbeck            Ben Chiarot                                       35     1   2  2  
 2 Josh Manson              Brandon Davidson                                  30     1   2  2  
 3 Klas Dahlbeck            Joel Edmundson                                    22     1   2  2  
 4 Scott Mayfield           Klas Dahlbeck                                     13     1   2  2  

PowerPlay Forward 
   Center                   Left Wing                Right Wing               Time % Phy DF OF 
 1 Josh Jooris              Cedric Paquette          Ryan Malone              60     1   2  2  
 2 Greg McKegg              Garret Ross              Daniil Tarasov           40     1   2  2  

PowerPlay Defense
   Defense                  Defense                                           Time % Phy DF OF 
 1 Klas Dahlbeck            Ben Chiarot                                       60     1   2  2  
 2 Brandon Davidson         Josh Manson                                       40     1   2  2  

Penalty Kill 4 Players Forward 
   Center                   Wing                     Time % Phy DF OF 
 1 Josh Jooris              Cedric Paquette          60     1   2  2  
 2 Ryan Malone              Joel Armia               40     1   2  2  

Penalty Kill 4 Players Defense
   Defense                  Defense                  Time % Phy DF OF 
 1 Klas Dahlbeck            Ben Chiarot              60     1   2  2  
 2 Josh Manson              Brandon Davidson         40     1   2  2  

Penalty Kill - 3 Players Forward 
   Forward                                           Time % Phy DF OF 
 1 Josh Jooris                                       60     1   2  2  
 2 Michael Schumacher                                40     1   2  2  

Penalty Kill - 3 Players Defense
   Defense                  Defense                  Time % Phy DF OF 
 1 Klas Dahlbeck            Josh Manson              60     1   2  2  
 2 Joel Edmundson           Ben Chiarot              40     1   2  2  

4 vs 4 Forward 
   Center                   Wing                     Time % Phy DF OF 
 1 Josh Jooris              Ryan Malone              60     1   2  2  
 2 Cedric Paquette          Colin Smith              40     1   2  2  

4 vs 4 Defense
   Defense                  Defense                  Time % Phy DF OF 
 1 Ben Chiarot              Klas Dahlbeck            60     1   2  2  
 2 Scott Mayfield           Brandon Davidson         40     1   2  2  

Last Minutes Offensive
   Center                   Left Wing                Right Wing               Defense                  Defense                  
   Josh Jooris              Cedric Paquette          Ryan Malone              Klas Dahlbeck            Ben Chiarot              

Last Minutes Defensive
   Center                   Left Wing                Right Wing               Defense                  Defense                  
   Josh Jooris              Cedric Paquette          Ryan Malone              Klas Dahlbeck            Ben Chiarot              

Goaltenders
Starting : Sam Brittain             
Backup : Antoine Bibeau           

Extra Forwards
Normal : Rob Flick, Josh Jooris, Cedric Paquette - PP : Ryan Malone, Greg McKegg - PK : Joel Vermin
Extra Defensemen
Normal : Scott Mayfield, Joel Edmundson, Klas Dahlbeck - PP : Ben Chiarot - PK : Brandon Davidson, Klas Dahlbeck
Penalty Shots
Rob Flick, Josh Jooris, Cedric Paquette, Ryan Malone, Greg McKegg

% Time on Ice - Ice Caps

Lines # - Real PCT - Wanted PCT - Time Play
Normal Forward
1 - 20% - 35% - 8:29
2 - 31% - 30% - 13:05
3 - 29% - 22% - 12:11
4 - 20% - 13% - 8:18
Normal Defense
1 - 34% - 35% - 14:11
2 - 31% - 30% - 13:05
3 - 33% - 22% - 13:47
4 - 2% - 13% - 1:00
PP Forward
1 - 54% - 60% - 3:18
2 - 46% - 40% - 2:49
PP Defense
1 - 42% - 60% - 2:34
2 - 58% - 40% - 3:33
PK Forward
1 - 75% - 60% - 7:33
2 - 25% - 40% - 2:35
PK Defense
1 - 57% - 60% - 5:46
2 - 43% - 40% - 4:22
PK3 Forward
1 - 100% - 60% - 1:55
2 - 0% - 40% - 0:00
PK3 Defense
1 - 86% - 60% - 1:39
2 - 14% - 40% - 0:16
44 Forward
1 - 86% - 60% - 4:06
2 - 14% - 40% - 0:41
44 Defense
1 - 39% - 60% - 1:51
2 - 61% - 40% - 2:56
Last Minute Offensive  - 0:00
Last Minute Defensive  - 0:00
Total
Forward - 65:00
Defense - 65:00

% Time on Ice - Moose

Lines # - Real PCT - Wanted PCT - Time Play
Normal Forward
1 - 18% - 35% - 7:45
2 - 34% - 30% - 14:08
3 - 30% - 22% - 12:38
4 - 18% - 13% - 7:32
Normal Defense
1 - 36% - 35% - 15:05
2 - 34% - 30% - 14:20
3 - 21% - 22% - 9:00
4 - 9% - 13% - 3:38
PP Forward
1 - 50% - 60% - 5:07
2 - 50% - 40% - 5:01
PP Defense
1 - 49% - 60% - 4:59
2 - 51% - 40% - 5:09
PK Forward
1 - 74% - 60% - 4:30
2 - 26% - 40% - 1:37
PK Defense
1 - 48% - 60% - 2:55
2 - 52% - 40% - 3:12
PK3 Forward
1 - 0% - 60%
2 - 0% - 40%
PK3 Defense
1 - 0% - 60%
2 - 0% - 40%
44 Forward
1 - 100% - 60% - 6:42
2 - 0% - 40% - 0:00
44 Defense
1 - 48% - 60% - 3:11
2 - 52% - 40% - 3:31
Last Minute Offensive  - 0:00
Last Minute Defensive  - 0:00
Total
Forward - 65:00
Defense - 65:00

Play by Play

1st period


0:01 of 1st period - Josh Jooris wins face-off versus Ryan Carter in neutral zone.
0:07 of 1st period - Ryan Malone beats up Shawn Thornton.
0:07 of 1st period - Penalty to Ryan Malone for Fighting.
0:07 of 1st period - Penalty to Shawn Thornton for Fighting.
0:08 of 1st period - Greg McKegg wins face-off versus Trevor Smith in Ice Caps zone.
0:37 of 1st period - Snap shot by Greg McKegg.
0:37 of 1st period - Stopped by Jussi Rynnas with a rebound.
0:57 of 1st period - Snap shot by Brandon Davidson.
0:57 of 1st period - Shot Blocked by Trevor Smith.
0:59 of 1st period - Slapshot by Klas Dahlbeck.
0:59 of 1st period - Stopped by Jussi Rynnas without a rebound.
1:00 of 1st period - Derek Grant wins face-off versus Daniil Tarasov in Ice Caps zone.
1:30 of 1st period - Snap shot by Daniil Tarasov.
1:30 of 1st period - Deflect By Joel Armia.
1:30 of 1st period - Stopped by Jussi Rynnas without a rebound.
1:31 of 1st period - Josh Jooris wins face-off versus Ryan Carter in Ice Caps zone.
1:44 of 1st period - Slapshot by Cedric Paquette.
1:44 of 1st period - Stopped by Jussi Rynnas without a rebound.
1:45 of 1st period - Ryan Carter wins face-off versus Josh Jooris in Ice Caps zone.
1:45 of 1st period - Ryan Carter is hit by Cedric Paquette.
2:23 of 1st period - Minor Penalty to Ryan Carter for Hooking.
2:24 of 1st period - Greg McKegg wins face-off versus Paul Carey in Ice Caps zone.
2:29 of 1st period - Wrist shot by Garret Ross.
2:29 of 1st period - Shot Misses the Net.
2:41 of 1st period - Wrist shot by Paul Carey.
2:41 of 1st period - Shot Misses the Net.
2:43 of 1st period - Slapshot by Nick D'Agostino.
2:43 of 1st period - Shot Misses the Net.
2:45 of 1st period - Snap shot by Patrick Dwyer.
2:45 of 1st period - Stopped by Sam Brittain with a rebound.
2:47 of 1st period - Slapshot by Nick D'Agostino.
2:47 of 1st period - Stopped by Sam Brittain with a rebound.
3:47 of 1st period - Alex Grant is hit by Cedric Paquette and loses puck.
3:57 of 1st period - Slapshot by Josh Jooris.
3:57 of 1st period - Stopped by Jussi Rynnas without a rebound.
3:58 of 1st period - Josh Jooris wins face-off versus Derek Grant in Ice Caps zone.
4:11 of 1st period - Slapshot by Ben Chiarot.
4:11 of 1st period - Shot Blocked by Alex Grant.
4:13 of 1st period - Wrist shot by Ben Chiarot.
4:13 of 1st period - Goal by Ben Chiarot - Ice Caps : 0 - Moose : 1.
4:14 of 1st period - Tim Kennedy wins face-off versus Joel Vermin in neutral zone.
4:34 of 1st period - Snap shot by Josh Jooris.
4:34 of 1st period - Stopped by Jussi Rynnas without a rebound.
4:35 of 1st period - Trevor Smith wins face-off versus Rob Flick in Ice Caps zone.
4:44 of 1st period - Snap shot by Josh Jooris.
4:44 of 1st period - Shot Misses the Net.
5:33 of 1st period - Brandon Davidson is hit by Alex Biega and loses puck.
5:46 of 1st period - Wrist shot by Derek Grant.
5:46 of 1st period - Stopped by Sam Brittain with a rebound.
5:52 of 1st period - Wrist shot by Paul Carey.
5:52 of 1st period - Stopped by Sam Brittain with a rebound.
5:54 of 1st period - Snap shot by Derek Grant.
5:54 of 1st period - Stopped by Sam Brittain with a rebound.
5:56 of 1st period - Slapshot by Nick D'Agostino.
5:56 of 1st period - Shot Blocked by Daniil Tarasov.
7:07 of 1st period - Wrist shot by Garret Ross.
7:07 of 1st period - Stopped by Jussi Rynnas with a rebound.
7:09 of 1st period - Slapshot by Scott Mayfield.
7:09 of 1st period - Shot Blocked by Phil Lane.
7:11 of 1st period - Slapshot by Klas Dahlbeck.
7:11 of 1st period - Shot Misses the Net.
7:13 of 1st period - Wrist shot by Colin Smith.
7:13 of 1st period - Shot Misses the Net.
7:33 of 1st period - Minor Penalty to Scott Mayfield for Hooking.
7:34 of 1st period - Trevor Smith wins face-off versus Josh Jooris in Moose zone.
7:44 of 1st period - Wrist shot by Chris Conner.
7:44 of 1st period - Shot Misses the Net.
9:04 of 1st period - Slapshot by Chris Conner.
9:04 of 1st period - Shot Misses the Net.
9:12 of 1st period - Wrist shot by Trevor Smith.
9:12 of 1st period - Stopped by Sam Brittain with a rebound.
9:28 of 1st period - Kyle MacKinnon is hit by Ryan Malone and loses puck.
9:33 of 1st period - Penalty to Scott Mayfield is over, Scott Mayfield is back on ice.
9:45 of 1st period - Derek Grant is hit by Joel Armia and loses puck.
9:52 of 1st period - Troy Bodie is hit by Klas Dahlbeck and loses puck.
10:47 of 1st period - Daniil Tarasov is hit by Trevor Smith and loses puck.
10:54 of 1st period - Brandon Yip is hit by Brandon Davidson.
11:32 of 1st period - Off-side.
11:33 of 1st period - Greg McKegg wins face-off versus Tim Kennedy in neutral zone.
11:50 of 1st period - Minor Penalty to Phil Lane for Holding.
11:51 of 1st period - Garret Ross wins face-off versus Ryan Carter in Ice Caps zone.
12:02 of 1st period - Wrist shot by Daniil Tarasov.
12:02 of 1st period - Shot Blocked by Ryan Carter.
13:39 of 1st period - Icing by Cedric Paquette.
13:40 of 1st period - Josh Jooris wins face-off versus Paul Carey in Moose zone.
13:50 of 1st period - Penalty to Phil Lane is over, Phil Lane is back on ice.
13:59 of 1st period - Snap shot by Garret Ross.
13:59 of 1st period - Shot Misses the Net.
14:17 of 1st period - Joel Edmundson is hit by Derek Grant and loses puck.
14:56 of 1st period - Minor Penalty to Scott Mayfield for Roughing.
14:57 of 1st period - Ryan Carter wins face-off versus Joel Vermin in Moose zone.
15:13 of 1st period - Snap shot by Ryan Carter.
15:13 of 1st period - Shot Misses the Net.
16:11 of 1st period - Chris Conner is hit by Josh Manson and loses puck.
16:20 of 1st period - Wrist shot by Alex Grant.
16:20 of 1st period - Stopped by Sam Brittain with a rebound.
16:26 of 1st period - Ryan Malone is hit by Chris Conner and loses puck.
16:37 of 1st period - Brandon Davidson is hit by Ryan Carter and loses puck.
16:44 of 1st period - Slapshot by Shawn Thornton.
16:44 of 1st period - Stopped by Sam Brittain with a rebound.
16:46 of 1st period - Wrist shot by Ryan Carter.
16:46 of 1st period - Shot Misses the Net.
16:48 of 1st period - Wrist shot by Ryan Carter.
16:48 of 1st period - Goal by Ryan Carter - Ice Caps : 1 - Moose : 1.
16:49 of 1st period - Derek Grant wins face-off versus Greg McKegg in neutral zone.
17:21 of 1st period - Derek Grant is hit by Ben Chiarot.
18:01 of 1st period - Chris Conner is hit by Joel Armia and loses puck.
18:55 of 1st period - Off-side.
18:56 of 1st period - Joel Vermin wins face-off versus Troy Bodie in neutral zone.
19:39 of 1st period - Chris Conner is hit by Scott Mayfield and loses puck.
19:56 of 1st period - Slapshot by Josh Jooris.
19:56 of 1st period - Shot Misses the Net.
19:58 of 1st period - Wrist shot by Cedric Paquette.
19:58 of 1st period - Shot Blocked by Alex Grant.
Goals for this period are 1 for Ice Caps vs 1 for Moose.
Shots for this period are 9 for Ice Caps vs 8 for Moose.

2nd period


0:01 of 2nd period - Josh Jooris wins face-off versus Ryan Carter in neutral zone.
0:58 of 2nd period - Slapshot by Chris Conner.
0:58 of 2nd period - Stopped by Sam Brittain with a rebound.
1:05 of 2nd period - Minor Penalty to Ben Chiarot for Interference.
1:06 of 2nd period - Trevor Smith wins face-off versus Josh Jooris in Moose zone.
1:11 of 2nd period - Off-side.
1:12 of 2nd period - Trevor Smith wins face-off versus Josh Jooris in neutral zone.
3:05 of 2nd period - Penalty to Ben Chiarot is over, Ben Chiarot is back on ice.
3:33 of 2nd period - Snap shot by Paul Carey.
3:33 of 2nd period - Stopped by Sam Brittain without a rebound.
3:34 of 2nd period - Derek Grant wins face-off versus Greg McKegg in Moose zone.
3:57 of 2nd period - Snap shot by Garret Ross.
3:57 of 2nd period - Stopped by Jussi Rynnas with a rebound.
4:26 of 2nd period - Ben Chiarot is hit by Tim Kennedy and loses puck.
5:32 of 2nd period - Slapshot by Ben Chiarot.
5:32 of 2nd period - Shot Misses the Net.
5:34 of 2nd period - Slapshot by Scott Mayfield.
5:34 of 2nd period - Shot Blocked by Alex Grant.
5:44 of 2nd period - Trevor Smith is hit by Michael Schumacher and loses puck.
6:07 of 2nd period - Paul Carey is hit by Scott Mayfield.
6:13 of 2nd period - Ben Chiarot is hit by Nick D'Agostino.
6:18 of 2nd period - Minor Penalty to Troy Bodie for High sticking.
6:19 of 2nd period - Ryan Carter wins face-off versus Garret Ross in Ice Caps zone.
6:35 of 2nd period - Minor Penalty to Garret Ross for Hooking.
6:36 of 2nd period - Josh Jooris wins face-off versus Ryan Carter in Moose zone.
6:41 of 2nd period - Wrist shot by Patrick Dwyer.
6:41 of 2nd period - Shot Misses the Net.
6:43 of 2nd period - Snap shot by Nick D'Agostino.
6:43 of 2nd period - Shot Misses the Net.
6:45 of 2nd period - Slapshot by Patrick Dwyer.
6:45 of 2nd period - Stopped by Sam Brittain with a rebound.
6:47 of 2nd period - Snap shot by Patrick Dwyer.
6:47 of 2nd period - Stopped by Sam Brittain with a rebound.
6:49 of 2nd period - Snap shot by Patrick Dwyer.
6:49 of 2nd period - Shot Misses the Net.
6:51 of 2nd period - Snap shot by Nick D'Agostino.
6:51 of 2nd period - Shot Blocked by Brandon Davidson.
6:53 of 2nd period - Backhand shot by Ryan Carter.
6:53 of 2nd period - Shot Misses the Net.
7:47 of 2nd period - Slapshot by Klas Dahlbeck.
7:47 of 2nd period - Shot Misses the Net.
8:18 of 2nd period - Penalty to Troy Bodie is over, Troy Bodie is back on ice.
8:35 of 2nd period - Penalty to Garret Ross is over, Garret Ross is back on ice.
8:51 of 2nd period - Brandon Davidson is hit by Trevor Smith.
8:55 of 2nd period - Brandon Yip is hit by Brandon Davidson and loses puck.
9:06 of 2nd period - Wrist shot by Joel Armia.
9:06 of 2nd period - Shot Blocked by Nathan Oystrick.
9:41 of 2nd period - Slapshot by Josh Manson.
9:41 of 2nd period - Shot Misses the Net.
9:43 of 2nd period - Snap shot by Greg McKegg.
9:43 of 2nd period - Stopped by Jussi Rynnas with a rebound.
9:45 of 2nd period - Backhand shot by Josh Manson.
9:45 of 2nd period - Shot Misses the Net.
9:47 of 2nd period - Slapshot by Josh Manson.
9:47 of 2nd period - Shot Blocked by Nick D'Agostino.
9:49 of 2nd period - Snap shot by Joel Edmundson.
9:49 of 2nd period - Shot Misses the Net.
9:51 of 2nd period - Slapshot by Josh Manson.
9:51 of 2nd period - Shot Blocked by Troy Bodie.
9:53 of 2nd period - Snap shot by Colin Smith.
9:53 of 2nd period - Shot Misses the Net.
10:26 of 2nd period - Josh Manson is hit by Ryan Carter and loses puck.
11:17 of 2nd period - Barry Goers is hit by Greg McKegg and loses puck.
11:52 of 2nd period - Wrist shot by Derek Grant.
11:52 of 2nd period - Shot Misses the Net.
12:19 of 2nd period - Wrist shot by Garret Ross.
12:19 of 2nd period - Stopped by Jussi Rynnas with a rebound.
13:51 of 2nd period - Snap shot by Greg McKegg.
13:51 of 2nd period - Stopped by Jussi Rynnas with a rebound.
16:18 of 2nd period - Slapshot by Derek Grant.
16:18 of 2nd period - Shot Blocked by Brandon Davidson.
19:00 of 2nd period - Snap shot by Trevor Smith.
19:00 of 2nd period - Deflect By Chris Conner.
19:00 of 2nd period - Shot Blocked by Ben Chiarot.
19:00 of 2nd period - Puck is out of play.
19:01 of 2nd period - Joel Vermin wins face-off versus Trevor Smith in Moose zone.
19:06 of 2nd period - Slapshot by Chris Conner.
19:06 of 2nd period - Stopped by Sam Brittain without a rebound.
19:07 of 2nd period - Greg McKegg wins face-off versus Trevor Smith in Moose zone.
Goals for this period are 0 for Ice Caps vs 0 for Moose.
Shots for this period are 5 for Ice Caps vs 4 for Moose.

3rd period


0:01 of 3rd period - Josh Jooris wins face-off versus Shawn Thornton in neutral zone.
0:11 of 3rd period - Minor Penalty to Alex Grant for Holding.
0:12 of 3rd period - Josh Jooris wins face-off versus Ryan Carter in Ice Caps zone.
0:36 of 3rd period - Snap shot by Cedric Paquette.
0:36 of 3rd period - Shot Misses the Net.
0:38 of 3rd period - Slapshot by Klas Dahlbeck.
0:38 of 3rd period - Shot Blocked by Alex Biega.
0:40 of 3rd period - Snap shot by Cedric Paquette.
0:40 of 3rd period - Shot Blocked by Alex Biega.
0:46 of 3rd period - Snap shot by Cedric Paquette.
0:46 of 3rd period - Shot Misses the Net.
0:48 of 3rd period - Slapshot by Klas Dahlbeck.
0:48 of 3rd period - Shot Blocked by Patrick Dwyer.
1:04 of 3rd period - Alex Biega is hit by Ben Chiarot and loses puck.
1:26 of 3rd period - Wrist shot by Greg McKegg.
1:26 of 3rd period - Shot Misses the Net.
1:28 of 3rd period - Backhand shot by Josh Manson.
1:28 of 3rd period - Shot Misses the Net.
1:44 of 3rd period - Brandon Davidson is hit by Shawn Thornton and loses puck.
1:53 of 3rd period - Ben Chiarot is hit by Shawn Thornton and loses puck.
2:07 of 3rd period - Nick D'Agostino is hit by Ryan Malone and loses puck.
2:11 of 3rd period - Penalty to Alex Grant is over, Alex Grant is back on ice.
2:23 of 3rd period - Slapshot by Josh Manson.
2:23 of 3rd period - Shot Hit the Post.
2:39 of 3rd period - Wrist shot by Paul Carey.
2:39 of 3rd period - Stopped by Sam Brittain without a rebound.
2:40 of 3rd period - Derek Grant wins face-off versus Greg McKegg in Moose zone.
3:03 of 3rd period - Brandon Davidson is hit by Troy Bodie and loses puck.
3:25 of 3rd period - Off-side.
3:26 of 3rd period - Joel Vermin wins face-off versus Trevor Smith in neutral zone.
3:29 of 3rd period - Wrist shot by Josh Jooris.
3:29 of 3rd period - Shot Blocked by Nathan Oystrick.
3:35 of 3rd period - Snap shot by Chris Conner.
3:35 of 3rd period - Stopped by Sam Brittain with a rebound.
3:43 of 3rd period - Snap shot by Chris Conner.
3:43 of 3rd period - Stopped by Sam Brittain with a rebound.
3:45 of 3rd period - Snap shot by Chris Conner.
3:45 of 3rd period - Stopped by Sam Brittain with a rebound.
4:18 of 3rd period - Slapshot by Brandon Davidson.
4:18 of 3rd period - Shot Blocked by Andrew Bodnarchuk.
4:22 of 3rd period - Slapshot by Joel Armia.
4:22 of 3rd period - Stopped by Jussi Rynnas with a rebound.
4:42 of 3rd period - Ryan Carter is hit by Greg McKegg.
5:02 of 3rd period - Greg McKegg is hit by Alex Grant and loses puck.
5:30 of 3rd period - Snap shot by Cedric Paquette.
5:30 of 3rd period - Shot Misses the Net.
5:32 of 3rd period - Slapshot by Brandon Davidson.
5:32 of 3rd period - Stopped by Jussi Rynnas with a rebound.
5:34 of 3rd period - Slapshot by Brandon Davidson.
5:34 of 3rd period - Deflect By Josh Jooris.
5:34 of 3rd period - Stopped by Jussi Rynnas with a rebound.
5:54 of 3rd period - Wrist shot by Daniil Tarasov.
5:54 of 3rd period - Stopped by Jussi Rynnas with a rebound.
6:23 of 3rd period - Phil Lane is hit by Josh Manson and loses puck.
7:42 of 3rd period - Daniil Tarasov is hit by Brandon Yip and loses puck.
8:03 of 3rd period - Snap shot by Josh Jooris.
8:03 of 3rd period - Shot Misses the Net.
8:52 of 3rd period - Snap shot by Tim Kennedy.
8:52 of 3rd period - Stopped by Sam Brittain with a rebound.
8:54 of 3rd period - Snap shot by Tim Kennedy.
8:54 of 3rd period - Stopped by Sam Brittain with a rebound.
8:56 of 3rd period - Slapshot by Barry Goers.
8:56 of 3rd period - Shot Blocked by Ben Chiarot.
8:58 of 3rd period - Slapshot by Nathan Oystrick.
8:58 of 3rd period - Deflect By Kyle MacKinnon.
8:58 of 3rd period - Shot Misses the Net.
8:58 of 3rd period - Puck is out of play.
8:59 of 3rd period - Tim Kennedy wins face-off versus Joel Vermin in Moose zone.
9:00 of 3rd period - Slapshot by Kyle MacKinnon.
9:00 of 3rd period - Stopped by Sam Brittain without a rebound.
9:01 of 3rd period - Joel Vermin wins face-off versus Tim Kennedy in Moose zone.
9:01 of 3rd period - Joel Vermin is hit by Kyle MacKinnon.
9:16 of 3rd period - Off-side.
9:17 of 3rd period - Paul Carey wins face-off versus Joel Vermin in neutral zone.
9:26 of 3rd period - Wrist shot by Paul Carey.
9:26 of 3rd period - Shot Misses the Net.
9:28 of 3rd period - Slapshot by Derek Grant.
9:28 of 3rd period - Deflect By Paul Carey.
9:28 of 3rd period - Stopped by Sam Brittain with a rebound.
9:32 of 3rd period - Slapshot by Derek Grant.
9:32 of 3rd period - Shot Misses the Net.
10:02 of 3rd period - Josh Manson is hit by Nick D'Agostino and loses puck.
10:19 of 3rd period - Slapshot by Greg McKegg.
10:19 of 3rd period - Deflect By Garret Ross.
10:19 of 3rd period - Stopped by Jussi Rynnas without a rebound.
10:20 of 3rd period - Trevor Smith wins face-off versus Daniil Tarasov in Ice Caps zone.
10:36 of 3rd period - Slapshot by Brandon Davidson.
10:36 of 3rd period - Shot Misses the Net.
10:38 of 3rd period - Slapshot by Brandon Davidson.
10:38 of 3rd period - Shot Misses the Net.
10:40 of 3rd period - Slapshot by Josh Manson.
10:40 of 3rd period - Shot Misses the Net.
11:41 of 3rd period - Patrick Dwyer is hit by Klas Dahlbeck and loses puck.
12:10 of 3rd period - Slapshot by Brandon Davidson.
12:10 of 3rd period - Shot Misses the Net.
12:16 of 3rd period - Josh Manson is hit by Ryan Carter and loses puck.
12:39 of 3rd period - Snap shot by Cedric Paquette.
12:39 of 3rd period - Stopped by Jussi Rynnas without a rebound.
12:40 of 3rd period - Derek Grant wins face-off versus Joel Vermin in Ice Caps zone.
12:59 of 3rd period - Snap shot by Rob Flick.
12:59 of 3rd period - Deflect By Cedric Paquette.
12:59 of 3rd period - Stopped by Jussi Rynnas without a rebound.
13:00 of 3rd period - Trevor Smith wins face-off versus Greg McKegg in Ice Caps zone.
13:02 of 3rd period - Minor Penalty to Andrew Bodnarchuk for Hooking.
13:03 of 3rd period - Ryan Carter wins face-off versus Greg McKegg in Ice Caps zone.
13:53 of 3rd period - Josh Manson is hit by Nick D'Agostino and loses puck.
14:27 of 3rd period - Slapshot by Josh Manson.
14:27 of 3rd period - Shot Blocked by Alex Biega.
15:02 of 3rd period - Penalty to Andrew Bodnarchuk is over, Andrew Bodnarchuk is back on ice.
15:14 of 3rd period - Brandon Davidson is hit by Ryan Carter and loses puck.
15:39 of 3rd period - Trevor Smith is hit by Michael Schumacher and loses puck.
16:42 of 3rd period - Wrist shot by Tim Kennedy.
16:42 of 3rd period - Shot Misses the Net.
17:47 of 3rd period - Slapshot by Josh Manson.
17:47 of 3rd period - Shot Blocked by Ryan Carter.
17:55 of 3rd period - Double Minor Penalty to Andrew Bodnarchuk for Slashing.
17:56 of 3rd period - Josh Jooris wins face-off versus Ryan Carter in Ice Caps zone.
18:09 of 3rd period - Slapshot by Ben Chiarot.
18:09 of 3rd period - Shot Misses the Net.
19:00 of 3rd period - Icing by Scott Mayfield.
19:01 of 3rd period - Rob Flick wins face-off versus Paul Carey in Moose zone.
19:16 of 3rd period - Alex Grant is hit by Ryan Malone and loses puck.
19:41 of 3rd period - Alex Grant is hit by Brandon Davidson and loses puck.
19:46 of 3rd period - Slapshot by Ben Chiarot.
19:46 of 3rd period - Shot Misses the Net.
19:48 of 3rd period - Snap shot by Garret Ross.
19:48 of 3rd period - Stopped by Jussi Rynnas with a rebound.
19:50 of 3rd period - Slapshot by Greg McKegg.
19:50 of 3rd period - Shot Misses the Net.
19:52 of 3rd period - Slapshot by Ben Chiarot.
19:52 of 3rd period - Stopped by Jussi Rynnas with a rebound.
Goals for this period are 0 for Ice Caps vs 0 for Moose.
Shots for this period are 8 for Ice Caps vs 9 for Moose.

Overtime #1


0:01 of 1st overtime period - Ryan Carter wins face-off versus Josh Jooris in neutral zone.
0:22 of 1st overtime period - Wrist shot by Josh Jooris.
0:22 of 1st overtime period - Stopped by Jussi Rynnas without a rebound.
0:23 of 1st overtime period - Josh Jooris wins face-off versus Ryan Carter in Ice Caps zone.
1:23 of 1st overtime period - Wrist shot by Josh Jooris.
1:23 of 1st overtime period - Shot Misses the Net.
1:25 of 1st overtime period - Slapshot by Josh Jooris.
1:25 of 1st overtime period - Shot Blocked by Ryan Carter.
1:27 of 1st overtime period - Slapshot by Brandon Davidson.
1:27 of 1st overtime period - Shot Misses the Net.
1:29 of 1st overtime period - Slapshot by Ryan Malone.
1:29 of 1st overtime period - Stopped by Jussi Rynnas with a rebound.
1:55 of 1st overtime period - Penalty to Andrew Bodnarchuk is over, Andrew Bodnarchuk is back on ice.
2:09 of 1st overtime period - Snap shot by Andrew Bodnarchuk.
2:09 of 1st overtime period - Stopped by Sam Brittain without a rebound.
2:10 of 1st overtime period - Josh Jooris wins face-off versus Ryan Carter in Moose zone.
2:50 of 1st overtime period - Brandon Davidson is hit by Nick D'Agostino and loses puck.
3:35 of 1st overtime period - Off-side.
3:36 of 1st overtime period - Derek Grant wins face-off versus Josh Jooris in neutral zone.
3:59 of 1st overtime period - Klas Dahlbeck is hit by Alex Biega.
4:05 of 1st overtime period - Snap shot by Brandon Davidson.
4:05 of 1st overtime period - Stopped by Jussi Rynnas with a rebound.
4:34 of 1st overtime period - Snap shot by Shawn Thornton.
4:34 of 1st overtime period - Shot Blocked by Brandon Davidson.
Goals for this period are 0 for Ice Caps vs 0 for Moose.
Shots for this period are 1 for Ice Caps vs 3 for Moose.

ShootOut


5:00 of 1st overtime period - Penalty Shot by Ryan Carter for Ice Caps.
5:00 of 1st overtime period - Deke by Ryan Carter.
5:00 of 1st overtime period - Stopped by Sam Brittain.
5:00 of 1st overtime period - Penalty Shot by Rob Flick for Moose.
5:00 of 1st overtime period - Snap shot by Rob Flick.
5:00 of 1st overtime period - Shot Misses the Net.
5:00 of 1st overtime period - Penalty Shot by Patrick Dwyer for Ice Caps.
5:00 of 1st overtime period - Wrist shot by Patrick Dwyer.
5:00 of 1st overtime period - Stopped by Sam Brittain.
5:00 of 1st overtime period - Penalty Shot by Josh Jooris for Moose.
5:00 of 1st overtime period - Deke by Josh Jooris.
5:00 of 1st overtime period - Stopped by Jussi Rynnas.
5:00 of 1st overtime period - Penalty Shot by Trevor Smith for Ice Caps.
5:00 of 1st overtime period - Wrist shot by Trevor Smith.
5:00 of 1st overtime period - Stopped by Sam Brittain.
5:00 of 1st overtime period - Penalty Shot by Cedric Paquette for Moose.
5:00 of 1st overtime period - Wrist shot by Cedric Paquette.
5:00 of 1st overtime period - Goal by Cedric Paquette.